Map: Acid Plant LE

Players

Gemini

  • Race: Protoss Protoss
  • League: Grandmaster
  • Spawn Location: 5:00

A.I. 1 (Very Easy) - Winner!

  • Race: Terran Terran
  • Spawn Location: 11:00

VOD

Have the link to the VOD?

Description

Time

  • Played on: July 30, 2018, 3:17 a.m.
  • Length: 8:10
Show
View Real Time Build Order
Export as new Build Order

Gemini Protoss 

Build Orders: 1 Gate Expand, Oracle Opening 

Get SALT Encoding   

  12  0:00  Probe  
  13  0:13  Probe  
  14  0:17  Pylon  
  14  0:24  Probe  
  15  0:32  Probe  
  15  0:36  Gateway  
  15  0:40  Probe  
  16  0:47  Assimilator  
  17  0:51  Probe  
  18  1:03  Probe  
  19  1:15  Probe  
  20  1:23  Nexus  
  20  1:36  Cybernetics Core  
  20  1:37  Probe  
  21  1:43  Assimilator  
  21  1:49  Probe  
  21  1:52  Pylon  
  22  2:01  Probe  
  22  2:03  Adept  
  23  2:13  Probe  
  26  2:19  Stargate  
  26  2:24  Adept  
  26  2:25  Probe  
  26  2:28  Warp Gate  
  27  2:31  Probe  
  30  2:37  Probe  
  30  2:39  Probe  
  32  2:49  Probe  
  32  2:50  Probe  
  32  2:51  Adept  
  33  2:55  Oracle  
  36  3:02  Probe x2  
  41  3:13  Pylon  
  41  3:14  Probe x2  
  43  3:25  Oracle  
  43  3:26  Gateway, Probe  
  44  3:28  Probe, Gateway  
  45  3:38  Probe  
  45  3:40  Probe  
  50  3:50  Probe  
  50  3:54  Pylon  
  51  3:57  Probe  
  51  4:02  Probe  
  53  4:09  Nexus  
  53  4:11  Oracle  
  53  4:12  Assimilator  
  53  4:13  Assimilator  
  56  4:17  Probe x2  
  56  4:18  Pylon  
  58  4:29  Probe x2  
  58  4:30  Pylon  
  60  4:40  Phoenix  
  60  4:42  Probe x2  
  60  4:44  Forge, Twilight Council  
  64  4:54  Probe x2  
  64  4:56  Charge  
  64  4:59  Protoss Ground Armor Level 1, Phoenix  
  66  5:04  Stalker x2  
  70  5:11  Probe x2  
  74  5:22  Phoenix  
  74  5:23  Probe x2  
  78  5:32  Probe  
  78  5:34  Zealot x3  
  86  5:35  Probe x2  
  86  5:38  Pylon  
  87  5:44  Probe  
  87  5:47  Probe, Phoenix  
  93  6:01  Robotics Facility  
  91  6:05  Gateway x2  
  91  6:09  Gateway  
  91  6:10  Gateway  
  91  6:12  Gateway  
  91  6:14  Pylon  
  91  6:15  Phoenix  
  91  6:16  Pylon  
  91  6:17  Probe  
  91  6:18  Probe  
  95  6:23  Sentry x2  
  95  6:25  Sentry  
  101  6:38  Warp Prism  
  101  6:40  Shield Battery, Pylon  
  101  6:41  Shield Battery  
  101  6:42  Shield Battery  
  101  6:47  Zealot x2  
  101  6:51  Zealot  
  109  7:07  Zealot x7  
  123  7:14  Zealot  
  125  7:24  Pylon x3  
  125  7:25  Pylon  
  125  7:42  Zealot x2  
  125  7:43  Zealot x6  
  141  7:57  Assimilator  
  145  7:59  Assimilator  
  145  8:03  Templar Archives  
  145  8:04  Zealot x6, Pylon  
Show
View Real Time Build Order
Export as new Build Order

A.I. 1 (Very Easy) Terran - Winner!

Build Orders:  

Get SALT Encoding   

  12  0:00  SCV  
  13  0:13  SCV  
  14  0:18  Supply Depot  
  14  0:37  Refinery  
  14  0:41  Barracks  
  14  1:05  Supply Depot  
  14  1:12  Refinery  
  14  1:29  Barracks Tech Lab  
  14  1:30  Orbital Command  
  14  1:47  Marine  
  15  1:56  SCV  
  16  2:08  SCV  
  17  2:20  SCV  
  18  2:31  Marine  
  18  2:33  SCV  
  20  2:45  SCV  
  21  2:57  SCV  
  22  3:16  Marauder  
  24  4:04  SCV  
  24  5:45  Marine  
  24  5:48  SCV  
  21  6:00  SCV  
  21  6:13  SCV  
  22  6:25  SCV  
  23  6:29  Marine  
  24  6:37  SCV  
  24  6:39  Factory  
  25  6:41  Supply Depot  
  25  6:42  Command Center  
  25  6:59  SCV  
  23  7:04  Marine  
  23  7:06  Supply Depot  
  24  7:11  SCV  
  25  7:27  Starport  
  25  7:38  Marine  
  26  7:50  SCV  
  20  8:08  Starport Tech Lab  
Tags
 
Add a new tag
Caveats
  • Supply blocks, unpowered buildings, or Contaminate may cause inaccurate times.
  • Supply counts are checked every 10 seconds.